 Dungeon Crawl Stone Soup version 0.18-a0-965-g9200175 (webtiles) character file.

23 Ishamoridin the Insei (level 3, -2/19 HPs)
             Began as a Vine Stalker Monk on Jan 1, 2016.
             Slain by a gnoll
             ... wielding a +0 flail
              (5 damage)
             ... on level 2 of the Dungeon.
             The game lasted 00:05:42 (673 turns).

Ishamoridin the Insei (Vine Stalker Monk)            Turns: 673, Time: 00:05:43

Health: -2/19      AC:  6    Str: 14    XL:     3   Next: 0%
Magic:  0/4        EV:  5    Int: 10    God:
Gold:   85         SH:  0    Dex: 16    Spells: 0 memorised, 2 levels left

rFire  + . .     SeeInvis .     e - +1 dagger (holy)
rCold  . . .     Gourm    .     m - +0 scale mail
rNeg   . . .     Faith    .     (no shield)
rPois  .         Spirit   +     (no helmet)
rElec  .         Dismiss  .     (no cloak)
rCorr  .         Reflect  .     (no gloves)
SustAt .         Harm     .     (no boots)
MR     .....                    s - amulet of regeneration
Stlth  +.........               (no ring)
                                i - ring of protection from fire

@: held, not resistant to hostile enchantments, very unstealthy
A: fangs 2, regeneration 1, magic shield, antimagic bite, no device heal 3, rot
immunity
a: no special abilities


You were on level 2 of the Dungeon.
You were not hungry.

You visited 1 branch of the dungeon, and saw 2 of its levels.

You collected 85 gold pieces.

Inventory:

Hand Weapons
 d - a +0 short sword
 e - a +1 dagger of holy wrath (weapon)
 f - a cursed -2 dagger
 h - a +0 club
 p - a +0 club
 r - a cursed +0 club
Missiles
 l - 12 stones (quivered)
 n - 19 poisoned needles
 o - 12 arrows
Armour
 a - a +0 robe
 g - a +0 leather armour
 m - a +0 scale mail (worn)
Jewellery
 i - a ring of protection from fire (left hand)
 s - an amulet of regeneration (around neck)
Scrolls
 q - 2 scrolls of identify {unknown}
Potions
 j - 2 potions of might {unknown}
 k - 2 potions of curing {unknown}
 t - a potion of flight {unknown}
Comestibles
 b - a bread ration
 c - 5 chunks of flesh


   Skills:
 + Level 2.9 Fighting
 + Level 2.7 Dodging
 + Level 2.4 Stealth
 + Level 4.3 Unarmed Combat


You had 2 spell levels left.
You didn't know any spells.

Dungeon Overview and Level Annotations

Branches:
Dungeon (2/15)

Altars:
Ashenzari


Innate Abilities, Weirdness & Mutations

You have extremely sharp teeth.
Your natural rate of healing is unusually fast.
When hurt, damage is shared between your health and your magic reserves.
Your bite disrupts and absorbs the magic of your enemies.
Potions and wands cannot restore your health.
You are immune to rotting.


Message History

You now have 85 gold pieces (gained 8).
The gnoll moves out of view.
You struggle against the net.
You try to slip out of the net.
You try to slip out of the net.
The gnoll hits you with a flail.
You slip out of the net!
You barely miss the gnoll. Your bite misses the gnoll.
You closely miss the gnoll. You bite the gnoll, but do no damage.
The gnoll throws a throwing net.
The throwing net hits you.
You become entangled in the net!
The gnoll hits you with a whip.
The gnoll hits you from afar with a halberd.
The gnoll hits you with a club.
You try to slip out of the net.
The gnoll hits you with a whip.
The gnoll hits you from afar with a halberd.
The gnoll hits you with a club.
You struggle against the net.
The gnoll hits you but does no damage. The gnoll hits you but does no damage.
The gnoll barely misses you.
You try to slip out of the net.
The gnoll hits you with a club.
* * * LOW HITPOINT WARNING * * *
The gnoll hits you but does no damage. The gnoll hits you with a flail.
You die...

#... ... .. ##....# ...
............. ....
#.....##....# .....
#..........####.>...
#............?g.....
..###...........gg......
...............@g......
#####................###
............†.......##
#####...............#
#.................#
########...........
#....###.....
#....#_#.....
#..[.#+#....


You could see 4 gnolls.

Vanquished Creatures
  A worm (D:2)
  2 giant geckos
  A giant cockroach (D:1)
  A goblin (D:2)
  3 hobgoblins
  2 kobolds (D:1)
  A quokka (D:2)
  2 bats (D:1)
  A giant newt (D:1)
  3 rats
17 creatures vanquished.

Notes
Turn   | Place    | Note
--------------------------------------------------------------
     0 | D:1      | Ishamoridin the Vine Stalker Monk began the quest for the Orb.
     0 | D:1      | Reached XP level 1. HP: 11/11 MP: 2/2
   213 | D:1      | Reached XP level 2. HP: 16/16 MP: 3/3
   648 | D:2      | Found a shattered altar of Ashenzari.
   657 | D:2      | Reached XP level 3. HP: 17/19 MP: 1/4
   673 | D:2      | Slain by a gnoll

Vault maps used:
D:1:      zelgadis_glass_arrival_small
D:2:      ashenzari_conservatory_becter, first_bread

Action                   || total
-------------------------++-------
Melee: Dagger            ||    63
       Unarmed           ||     9
  Use: Scroll            ||     6
